 Dungeon Crawl Stone Soup version 0.24.0-37-gcf1ca852f1 (webtiles) character file.

Game seed: 11343140934901908816, levelgen mode: deterministic

6806 Iamsoldier the Magician (level 11, -5/84 HPs)
             Began as a Gnoll Skald on Dec 1, 2019.
             Was an Elder of Okawaru.
             Slain by an orc warrior
             ... wielding a +0 halberd of freezing
              (11 damage)
             ... on level 9 of the Dungeon.
             The game lasted 00:21:32 (11276 turns).

Iamsoldier the Magician (Gnoll Skald)              Turns: 11276, Time: 00:21:32

Health: -5/84      AC: 18    Str: 16    XL:     11   Next: 5%
Magic:  17/22      EV: 14    Int: 16    God:    Okawaru [****..]
Gold:   462        SH:  0    Dex: 15    Spells: 16/25 levels left

rFire    . . .     SeeInvis .   I - +3 halberd (freeze)
rCold    + . .     Gourm    .   (shield currently unavailable)
rNeg     . . .     Faith    .   D - +2 scale mail {rPois}
rPois    +         Spirit   .   m - +1 hat
rElec    .         Reflect  .   N - +0 cloak
rCorr    .         Harm     .   j - +0 pair of gloves
MR       .....                  e - +0 pair of boots
Stlth    ++........             (no amulet)
HPRegen  0.24/turn              C - ring of protection from cold
MPRegen  0.18/turn              x - +4 ring of protection

@: no status effects
A: distributed training, fangs 1, strong nose
a: Heroism, Renounce Religion


You were on level 9 of the Dungeon.
You worshipped Okawaru.
Okawaru was greatly pleased with you.
You were hungry.

You visited 2 branches of the dungeon, and saw 10 of its levels.
You also visited: Sewer.

You collected 462 gold pieces.

Inventory:

Hand Weapons
 a - a +1 spear
 I - a +3 halberd of freezing (weapon)
Missiles
 l - 14 boomerangs (quivered)
Armour
 b - a +0 leather armour
 e - a +0 pair of boots (worn)
 j - a +0 pair of gloves (worn)
 m - a +1 hat (worn)
 s - a +1 leather armour of cold resistance
 z - a cursed +0 buckler
 D - a +2 scale mail of poison resistance (worn)
 L - a +0 troll leather armour
 N - a +0 cloak (worn)
Jewellery
 x - a +4 ring of protection (right hand)
 y - a +4 ring of intelligence
 C - a ring of protection from cold (left hand)
 H - an uncursed ring of protection from magic
Wands
 n - a wand of digging (7)
 K - a wand of enslavement (9)
 M - a wand of iceblast (4)
Scrolls
 c - a scroll of amnesia
 g - 2 scrolls of remove curse
 h - 5 scrolls of identify
 k - a scroll of enchant weapon
 q - 2 scrolls of teleportation
 u - a scroll of silence {unknown}
 A - a scroll of fog
 B - 2 scrolls of random uselessness {unknown}
 E - a scroll of blinking
 J - a scroll of immolation {unknown}
Potions
 f - a potion of resistance
 i - 5 potions of curing
 o - 2 potions of flight
 p - a potion of agility {unknown}
 r - a potion of might
 t - 3 potions of heal wounds {unknown}
 v - 2 potions of brilliance {unknown}
 w - a potion of cancellation {unknown}
 F - a potion of magic {unknown}
Comestibles
 d - 15 rations
 G - 5 chunks of flesh


   Skills:
 + Level 7.4 Fighting
 + Level 5.8 Short Blades
 + Level 5.8 Long Blades
 + Level 5.8 Axes
 + Level 5.8 Maces & Flails
 + Level 7.4 Polearms
 + Level 5.8 Staves
 + Level 5.8 Slings
 + Level 5.8 Bows
 + Level 5.8 Crossbows
 + Level 5.8 Throwing
 + Level 6.4 Armour
 + Level 7.4 Dodging
 + Level 5.8 Stealth
 + Level 5.8 Shields
 + Level 5.8 Unarmed Combat
 + Level 7.7 Spellcasting
 + Level 4.7 Conjurations
 + Level 4.7 Hexes
 + Level 7.3 Charms
 + Level 4.7 Summonings
 + Level 4.7 Necromancy
 + Level 4.7 Translocations
 + Level 4.7 Transmutations
 + Level 4.7 Fire Magic
 + Level 4.7 Ice Magic
 + Level 4.7 Air Magic
 + Level 4.7 Earth Magic
 + Level 4.7 Poison Magic
 + Level 6.3 Invocations
 + Level 5.8 Evocations


You had 16 spell levels left.
You knew the following spells:

 Your Spells              Type           Power        Failure   Level  Hunger
a - Infusion              Chrm           ####         1%          1    None
b - Shroud of Golubria    Chrm/Tloc      ####..       4%          2    None
c - Spectral Weapon       Hex/Chrm       ####....     9%          3    ##.....
d - Regeneration          Chrm/Necr      ####......   9%          3    ##.....

Your spell library contained the following spells:

 Spells                   Type           Power        Failure   Level  Hunger
 Song of Slaying          Chrm           ####....     2%          2    None
 Shock                    Conj/Air       ###.         5%          1    None


Dungeon Overview and Level Annotations

Branches:
Dungeon (9/15)             Temple (1/1) D:5            Lair (0/6) D:9
  Sewer (visited)
    Orc: D:9-12

Altars:
Ashenzari
Cheibriados
Dithmenos
Elyvilon
Fedhas
Gozag
Hepliaklqana
Kikubaaqudgha
Makhleb
Nemelex Xobeh
Okawaru
Qazlal
Ru
Sif Muna
Trog
Uskayaw
Vehumet
Wu Jian
Xom
Yredelemnul
Zin
The Shining One

Shops:
D:7 %


Innate Abilities, Weirdness & Mutations

Your experience applies equally to all skills.
You have very sharp teeth.
Your uncanny sense of smell can sniff out nearby items.


Message History

Your spectral weapon completely misses the ice beast.
The orc warrior hits you but does no damage.
The ice beast hits you but does no damage.
You closely miss the ice beast.
The ice beast is heavily wounded.
Your spectral weapon hits the ice beast from afar!
You kill the ice beast!
Okawaru accepts your kill.
The orc warrior hits you with a +0 halberd of freezing!
* * * LOW HITPOINT WARNING * * *
The orc warrior freezes you.
* * * LOW HITPOINT WARNING * * *
The orc warrior barely misses you.
You see here 14 sling bullets.
The orc warrior hits you but does no damage.
The orc warrior hits you with a +0 halberd of freezing!
* * * LOW HITPOINT WARNING * * *
You see here a +0 mace.
The orc warrior hits you with a +0 halberd of freezing!
You die...

####+###.#
#.#### #÷...#
#....#
##########....#
..............#
..............#
..............#
..........@...#
.[........(o..#
..........).).#
...........().#
############).#
#.## '.# ∆ ∆
#.# ..#


You could see an orc warrior and a friendly spectral +3 halberd of freezing.

Vanquished Creatures
  Harold (D:7)
  A two-headed ogre (D:8)
  Maurice (D:9)
  Joseph (D:7)
  2 trolls (D:9)
  Prince Ribbit (D:7)
  3 hungry ghosts
  An orc warrior (D:7)
  Purgy (Sewer)
  3 sky beasts
  An ice beast (D:9)
  2 ogres
  A phantom (D:8)
  A centaur (D:6)
  A big kobold (D:8)
  5 bullfrogs
  3 scorpions
  6 killer bees
  5 wights (D:9)
  3 electric eels (D:9)
  2 howler monkeys
  4 crimson imps
  A centaur zombie (D:7)
  11 hounds
  4 jellies
  A bullfrog skeleton (D:4)
  6 orc priests
  8 orc wizards
  9 worker ants
  3 iguanas
  3 hound skeletons (D:5)
  3 gnolls (D:8)
  A river rat (D:6)
  4 adders
  A howler monkey skeleton (D:9)
  3 shadow imps
  An ooze (D:1)
  5 worms
  A dart slug (D:1)
  7 leopard geckos
  23 orcs
  A ball python (Sewer)
  9 giant cockroaches
  7 hobgoblins
  3 jackals (D:7)
  9 kobolds
  3 quokkas
  A bat (D:2)
  7 frilled lizards
  A giant cockroach zombie (D:5)
  4 goblins (D:1)
  A quokka skeleton (D:4)
  8 rats
198 creatures vanquished.

Vanquished Creatures (collateral kills)
  A troll (D:9)
  An ogre (D:9)
  A shadow imp (D:9)
  An orc (D:9)
4 creatures vanquished.

Vanquished Creatures (others)
  5 spectral weapons
5 creatures vanquished.

Grand Total: 207 creatures vanquished

Notes
Turn   | Place    | Note
-------+----------+-------------------------------------------
     0 | D:1      | Iamsoldier the Gnoll Skald began the quest for the Orb.
     0 | D:1      | Reached XP level 1. HP: 20/20 MP: 6/6
    87 | D:1      | Reached XP level 2. HP: 23/26 MP: 2/7
   401 | D:1      | Reached XP level 3. HP: 31/31 MP: 5/9
   408 | D:1      | Learned a level 2 spell: Shroud of Golubria
   412 | D:1      | Learned a level 3 spell: Spectral Weapon
   416 | D:1      | Learned a level 3 spell: Regeneration
   479 | D:2      | Reached skill level 5 in Spellcasting
  1185 | D:2      | Reached skill level 1 in Invocations
  1775 | D:3      | Noticed a bullfrog
  1788 | D:3      | Killed a bullfrog
  1788 | D:3      | Reached skill level 1 in Short Blades
  1788 | D:3      | Reached skill level 1 in Long Blades
  1788 | D:3      | Reached skill level 1 in Axes
  1788 | D:3      | Reached skill level 1 in Maces & Flails
  1788 | D:3      | Reached skill level 1 in Staves
  1788 | D:3      | Reached skill level 1 in Slings
  1788 | D:3      | Reached skill level 1 in Bows
  1788 | D:3      | Reached skill level 1 in Crossbows
  1788 | D:3      | Reached skill level 1 in Throwing
  1788 | D:3      | Reached skill level 1 in Stealth
  1788 | D:3      | Reached skill level 1 in Shields
  1788 | D:3      | Reached skill level 1 in Unarmed Combat
  1788 | D:3      | Reached skill level 1 in Conjurations
  1788 | D:3      | Reached skill level 1 in Hexes
  1788 | D:3      | Reached skill level 1 in Summonings
  1788 | D:3      | Reached skill level 1 in Necromancy
  1788 | D:3      | Reached skill level 1 in Translocations
  1788 | D:3      | Reached skill level 1 in Transmutations
  1788 | D:3      | Reached skill level 1 in Fire Magic
  1788 | D:3      | Reached skill level 1 in Ice Magic
  1788 | D:3      | Reached skill level 1 in Air Magic
  1788 | D:3      | Reached skill level 1 in Earth Magic
  1788 | D:3      | Reached skill level 1 in Poison Magic
  1788 | D:3      | Reached skill level 1 in Evocations
  1788 | D:3      | Reached XP level 4. HP: 38/38 MP: 2/11
  2001 | D:3      | Reached XP level 5. HP: 40/43 MP: 12/12
  2624 | D:4      | Reached XP level 6. HP: 50/50 MP: 9/13
  3451 | D:4      | Reached skill level 5 in Fighting
  3451 | D:4      | Reached skill level 5 in Polearms
  3451 | D:4      | Reached skill level 5 in Dodging
  3487 | D:4      | Found a sparkling altar of Nemelex Xobeh.
  3690 | D:5      | Entered Level 5 of the Dungeon
  4144 | D:5      | Noticed a hungry ghost
  4202 | D:5      | Reached XP level 7. HP: 55/56 MP: 15/15
  4207 | D:5      | Found a staircase to the Ecumenical Temple.
  4219 | Temple   | Entered the Ecumenical Temple
  4267 | Temple   | Became a worshipper of Warmaster Okawaru
  4594 | D:5      | Killed a hungry ghost
  4635 | D:5      | Found an ornate altar of the Wu Jian Council.
  4882 | D:5      | Reached * piety under Okawaru
  4890 | D:5      | Found a burning altar of Makhleb.
  5289 | D:6      | Found a glowing drain.
  5303 | Sewer    | Entered a sewer
  5343 | Sewer    | Noticed Purgy
  5358 | Sewer    | Killed Purgy
  5358 | Sewer    | Reached XP level 8. HP: 53/63 MP: 11/16
  6066 | D:6      | Found a white marble altar of Elyvilon.
  6066 | D:6      | Found a snail-covered altar of Cheibriados.
  6141 | D:6      | Found a shimmering blue altar of Sif Muna.
  6568 | D:6      | Identified Sif Muna's Almanac of Confrontation and Air
  6620 | D:7      | Noticed Joseph
  6830 | D:7      | Killed Joseph
  6830 | D:7      | Reached ** piety under Okawaru
  6830 | D:7      | Reached XP level 9. HP: 45/69 MP: 11/18
  7048 | D:7      | Found Sienk's Food Shop.
  7678 | D:7      | Noticed Harold
  7712 | D:7      | Killed Harold
  7712 | D:7      | Reached *** piety under Okawaru
  7712 | D:7      | Reached skill level 5 in Armour
  8032 | D:7      | Noticed Prince Ribbit
  8049 | D:7      | Killed Prince Ribbit
  8049 | D:7      | Reached skill level 5 in Invocations
  8972 | D:7      | Reached XP level 10. HP: 63/77 MP: 13/20
  9278 | D:8      | Reached **** piety under Okawaru
  9471 | D:8      | Reached skill level 5 in Short Blades
  9471 | D:8      | Reached skill level 5 in Long Blades
  9471 | D:8      | Reached skill level 5 in Axes
  9471 | D:8      | Reached skill level 5 in Maces & Flails
  9471 | D:8      | Reached skill level 5 in Staves
  9471 | D:8      | Reached skill level 5 in Slings
  9471 | D:8      | Reached skill level 5 in Bows
  9471 | D:8      | Reached skill level 5 in Crossbows
  9471 | D:8      | Reached skill level 5 in Throwing
  9471 | D:8      | Reached skill level 5 in Stealth
  9471 | D:8      | Reached skill level 5 in Shields
  9471 | D:8      | Reached skill level 5 in Unarmed Combat
  9471 | D:8      | Reached skill level 5 in Evocations
  9989 | D:9      | Noticed a two-headed ogre
 10016 | D:8      | Killed a two-headed ogre
 10440 | D:9      | Found an opulent altar of Gozag.
 10440 | D:9      | Found a shadowy altar of Dithmenos.
 10440 | D:9      | Found a sacrificial altar of Ru.
 10441 | D:9      | Found a hide-covered altar of Uskayaw.
 10610 | D:9      | Found a staircase to the Lair.
 11224 | D:9      | Noticed Maurice
 11248 | D:9      | Killed Maurice
 11248 | D:9      | Received a gift from Okawaru
 11248 | D:9      | Reached XP level 11. HP: 50/84 MP: 18/22
 11276 | D:9      | Slain by an orc warrior

Levels and vault maps discovered:
D:1:      nicolae_arrival_memento_mori, layout_basic
D:2:      layout_basic
D:3:      layout_basic
D:4:      layout_basic, lemuel_coloured_pillars_altar, first_ration,
          glass_columns_a
D:5:      layout_loops_ring, marbit_many_paths, kennysheep_little_box,
          minmay_temple_entry_antechambers
D:6:      layout_basic, gammafunk_temple_overflow_wave, gup_sewer_entry_bowl,
          led_sif_book
D:7:      layout_loops_ring, serial_shops, shop, kennysheep_generic_room_13,
          uniq_harold, uniq_joseph, uniq_prince_ribbit1
D:8:      layout_rooms
D:9:      layout_irregular_city, eat_drink_and_be_merry_uskayaw,
          chequers_temple_overflow_statue_of_worship, erik_lair_island,
          minivault_16, grunt_ogre_cave, uniq_maurice
Temple:   cyrus_circular_temple

Skill      XL: |  1  2  3  4  5  6  7  8  9 10 |
---------------+-------------------------------+-----
Spellcasting   | 5 6 7 |  7.7
Invocations    | 1 2 3 4 5 6 |  6.3
Short Blades   | 1 2 3 4 5 |  5.8
Long Blades    | 1 2 3 4 5 |  5.8
Axes           | 1 2 3 4 5 |  5.8
Maces & Flails | 1 2 3 4 5 |  5.8
Staves         | 1 2 3 4 5 |  5.8
Slings         | 1 2 3 4 5 |  5.8
Bows           | 1 2 3 4 5 |  5.8
Crossbows      | 1 2 3 4 5 |  5.8
Throwing       | 1 2 3 4 5 |  5.8
Stealth        | 1 2 3 4 5 |  5.8
Shields        | 1 2 3 4 5 |  5.8
Unarmed Combat | 1 2 3 4 5 |  5.8
Conjurations   | 1 2 3 4 |  4.7
Hexes          | 1 2 3 4 |  4.7
Summonings     | 1 2 3 4 |  4.7
Necromancy     | 1 2 3 4 |  4.7
Translocations | 1 2 3 4 |  4.7
Transmutations | 1 2 3 4 |  4.7
Fire Magic     | 1 2 3 4 |  4.7
Ice Magic      | 1 2 3 4 |  4.7
Air Magic      | 1 2 3 4 |  4.7
Earth Magic    | 1 2 3 4 |  4.7
Poison Magic   | 1 2 3 4 |  4.7
Evocations     | 1 2 3 4 5 |  5.8
Armour         | 3 4 5 6 |  6.4
Fighting       | 5 6 7 |  7.4
Polearms       | 5 6 7 |  7.4
Dodging        | 5 6 7 |  7.4
Charms         | 6 7 |  7.3

Action                   |  1- 3 |  4- 6 |  7- 9 | 10-12 || total
-------------------------+-------+-------+-------+-------++-------
Melee: Spear             |   105 |   152 |   424 |   222 ||   903
       Bite              |     6 |    13 |    35 |    33 ||    87
       Punch             |       |     1 |     3 |     3 ||     7
       Halberd           |       |       |       |    74 ||    74
Throw: Boomerang         |       |       |       |     7 ||     7
 Cast: Infusion          |     6 |     4 |     2 |     1 ||    13
       Shroud of Golubri |     4 |     6 |    24 |    14 ||    48
       Spectral Weapon   |     1 |    11 |    33 |    21 ||    66
       Regeneration      |     1 |       |     9 |    11 ||    21
Invok: Heroism           |       |       |       |     1 ||     1
Evoke: Wand              |       |       |       |     1 ||     1
  Use: Scroll            |       |       |    13 |     1 ||    14
       Potion            |       |       |     3 |       ||     3
 Stab: Sleeping          |     1 |     3 |       |       ||     4
       Distracted        |       |     1 |     4 |     2 ||     7
  Eat: Chunk             |     3 |     8 |    19 |    10 ||    40
Armor: Leather armour    |    20 |    15 |    91 |       ||   126
       Scale mail        |       |       |    18 |   160 ||   178
Dodge: Dodged            |    42 |    91 |   243 |   190 ||   566
